 Dungeon Crawl Stone Soup version 0.19.1-1-g22dce08 (webtiles) character file.

55 Jerry the Ducker (level 3, 0/27 HPs)
             Began as a Demonspawn Gladiator on Jan 3, 2017.
             Slain by Natasha (8 damage)
             ... on level 2 of the Dungeon.
             The game lasted 00:02:30 (1329 turns).

Jerry the Ducker (Demonspawn Gladiator)             Turns: 1329, Time: 00:02:30

Health: 0/27       AC:  4    Str: 15    XL:     3   Next: 67%
Magic:  3/3        EV: 13    Int:  9    God:
Gold:   64         SH:  4    Dex: 14    Spells: 0 memorised, 2 levels left

rFire  . . .     SeeInvis .     a - +0 long sword
rCold  . . .     Gourm    .     b - +0 leather armour
rNeg   . . .     Faith    .     (no shield)
rPois  .         Spirit   .     c - +0 helmet
rElec  .         Reflect  .     (no cloak)
rCorr  .         Harm     .     (no gloves)
MR     .....                    (no boots)
Stlth  +.........               (no amulet)
                                (no ring)
                                n - ring of wizardry

@: slowed, very slow
A: hooves 1, large bone plates 1
a: no special abilities


You were on level 2 of the Dungeon.
You were not hungry.

You visited 1 branch of the dungeon, and saw 2 of its levels.

You collected 64 gold pieces.

Inventory:

Hand Weapons
 a - a +0 long sword (weapon)
Missiles
 d - 3 throwing nets (quivered)
Armour
 b - a +0 leather armour (worn)
 c - a +0 helmet (worn)
Jewellery
 n - a ring of wizardry (left hand)
Scrolls
 e - a scroll of enchant armour {unknown}
 i - a scroll of enchant weapon {unknown}
 p - a scroll of amnesia {unknown}
 q - a scroll of teleportation {unknown}
Potions
 j - a potion of degeneration {unknown}
 l - 2 potions of agility {unknown}
 m - a potion of might {unknown}
 o - a potion of curing {unknown}
Comestibles
 f - a bread ration
 g - 3 fruits
 h - 2 chunks of flesh
 k - 2 slices of pizza


   Skills:
 - Level 2.0 Fighting
 + Level 3.1 Long Blades
 - Level 1.7 Throwing
 + Level 1.4 Armour
 + Level 3.5 Dodging


You had 2 spell levels left.
You didn't know any spells.

Dungeon Overview and Level Annotations

Branches:
Dungeon (2/15)

Altars:

Annotations:
D:2 Natasha


Innate Abilities, Weirdness & Mutations

You have large cloven feet.
You are partially covered in large bone plates. (SH +4)


Message History

Natasha casts a spell at you.
You feel yourself slow down. The white imp barely misses you.
You riposte.
You hit the white imp.
You kick the white imp, but do no damage.
The white imp is lightly wounded.
You hit Natasha but do no damage.
Natasha is heavily wounded.
Natasha misses you. The white imp hits you. The white imp freezes you.
Natasha claws you.
The white imp hits you but does no damage.
You closely miss Natasha. You kick Natasha, but do no damage.
Natasha is heavily wounded.
Natasha stares at you and mumbles some strange words.
The magic dart hits you! The white imp hits you. The white imp freezes you.
* * * LOW HITPOINT WARNING * * *
Natasha claws you but does no damage. You block the white imp's attack.
You slash Natasha!
Natasha is almost dead.
Natasha claws you!
You die...

#####
#######.#.############
#..rh@5.#.............
....#####.#.############
# ### #.#.# ..# #.#.#..#
#.# #.#.#..#########
#.#####.#.#...........
#.#.....#.#...........
#.#.#####.#h..........
#.#.#.....#...........


You could see Natasha, a white imp and a rat.

Vanquished Creatures
  An adder (D:2)
  A worm (D:2)
  A dart slug (D:1)
  2 leopard geckos (D:1)
  6 bats
  2 giant cockroaches (D:1)
  4 hobgoblins
  7 jackals
  4 kobolds
  4 frilled lizards
  2 goblins (D:1)
  3 rats (D:1)
37 creatures vanquished.

Notes
Turn   | Place    | Note
-------+----------+-------------------------------------------
     0 | D:1      | Jerry the Demonspawn Gladiator began the quest for the Orb.
     0 | D:1      | Reached XP level 1. HP: 16/16 MP: 1/1
   383 | D:1      | Gained mutation: You have large cloven feet. [demonic ancestry]
   383 | D:1      | Reached XP level 2. HP: 18/22 MP: 2/2
   645 | D:1      | Reached skill level 1 in Armour
   679 | D:1      | Gained mutation: You are partially covered in large bone plates. (SH +4) [demonic ancestry]
   679 | D:1      | Reached XP level 3. HP: 25/27 MP: 3/3
  1323 | D:2      | Noticed Natasha
  1329 | D:2      | Slain by Natasha

Skill      XL: |  1  2  3 |
---------------+----------+-----
Dodging        | 3 |  3.5
Armour         | 1 |  1.4
Long Blades    | 3 |  3.1
Fighting       | |  2.0
Throwing       | |  1.7

Action                   || total
-------------------------++-------
Melee: Long sword        ||   104
       Kick              ||    17
 Stab: Sleeping          ||     1
  Eat: Chunk             ||     2
Armor: Leather armour    ||    35
Dodge: Dodged            ||    94
Block: Other             ||     7
       Rpst.: Long sword ||    34
